 Dungeon Crawl Stone Soup version 0.24-a0-789-g35933f4585 (webtiles) character file.

Game seed: 15635568764497062352, levelgen mode: deterministic

973 Peloso the Slasher (level 7, 0/62 HPs)
             Began as a Minotaur Fighter on Oct 10, 2019.
             Succumbed to a scorpion's poison
             ... in an ossuary.
             The game lasted 00:08:40 (3179 turns).

Peloso the Slasher (Minotaur Fighter)               Turns: 3179, Time: 00:08:40

Health: 0/62       AC: 11    Str: 26    XL:     7   Next: 94%
Magic:  6/6        EV:  7    Int:  5    God:
Gold:   167        SH: 11    Dex: 11    Spells: 6/6 levels left

rFire    . . .     SeeInvis .   a - +0 long sword
rCold    + . .     Gourm    .   c - +0 shield
rNeg     . . .     Faith    +   t - +0 chain mail
rPois    .         Spirit   .   (helmet restricted)
rElec    .         Reflect  .   (no cloak)
rCorr    .         Harm     .   (no gloves)
MR       .....                  r - +0 pair of boots
Stlth    ..........             j - amulet of faith
HPRegen  0.20/turn              g - ring of protection from cold
MPRegen  0.10/turn              e - ring of wizardry

@: mighty, lethally poisoned (0 -> -8)
A: retaliatory headbutt, horns 2
a: no special abilities


You were in an ossuary.
You were near starving.

You visited 1 branch of the dungeon, and saw 4 of its levels.
You also visited: Ossuary.

You collected 167 gold pieces.

Inventory:

Hand Weapons
 a - a +0 long sword (weapon)
Armour
 b - a +0 scale mail
 c - a +0 shield (worn)
 r - a +0 pair of boots (worn)
 t - a +0 chain mail (worn)
Jewellery
 e - a ring of wizardry (right hand)
 g - a ring of protection from cold (left hand)
 j - an amulet of faith (around neck)
 k - a cursed ring of teleportation {unknown}
 m - an uncursed ring of protection from fire
Scrolls
 i - a scroll of enchant weapon
 l - 2 scrolls of teleportation
 n - 4 scrolls of remove curse
 q - 2 scrolls of amnesia
 s - a scroll of noise
 u - a scroll of blinking
 v - a scroll of brand weapon {unknown}
 w - a scroll of magic mapping {unknown}
Potions
 h - a potion of cancellation
 o - a potion of invisibility
 p - a potion of brilliance
Comestibles
 f - 8 rations


   Skills:
 + Level 5.7 Fighting
 + Level 7.2 Long Blades
 + Level 5.5 Armour
 + Level 2.2 Dodging
 + Level 0.1 Stealth
 + Level 6.4 Shields


You had 6 spell levels left.
You didn't know any spells.
Your spell library was empty.

Dungeon Overview and Level Annotations

Branches:
Dungeon (4/15)            Ossuary (1/1)
 Temple: D:4-7

Altars:
Zin

Shops:
D:4 *


Innate Abilities, Weirdness & Mutations

You reflexively headbutt those who attack you in melee.
You have a pair of horns on your head.


Message History

The scorpion is lightly wounded.
The scorpion stings you.
* * * LOW HITPOINT WARNING * * *
Unknown command.
The scorpion stings you but does no damage.
You feel very mighty all of a sudden.
You feel sick.
A poisoned dart hits the scorpion!
The scorpion is poisoned.
The scorpion stings you.
* * * LOW HITPOINT WARNING * * *
You are lethally poisoned!
The scorpion poisons you!
Unknown command.
You slash the scorpion!
You kill the scorpion!
* * * LOW HITPOINT WARNING * * *
You feel sick. You block the gnoll zombie's attack.
Okay, then.
You slice the gnoll zombie!!
You destroy the gnoll zombie!
You die...

#...........#...#......
#...........######8...8
#.....8.....#^^^#......
#.....#.....'^^^#...8..
#.....#.....#^^^#...#..
##'###########'#######'
#^^^#...#^^^#...#...#^^
#^^^'..Zs^^^#...8...'^^
#^^^#.@.#^^^#.......#^^
##########'###8...8####
#??M#...#.Zs#.......#M!
#...#...8...#...8...#?.
#!!.#....Z..#...#...#?!
##+###8...8###########+
#....... +...8...
#...#...#


You could see a scorpion and a human zombie.

Vanquished Creatures
  Duvessa (D:4)
  A centaur (D:3)
  Dowan (D:4)
  4 scorpions
  A human zombie (Ossuary)
  2 jellies (D:4)
  2 orc wizards (D:3)
  An orc priest (D:3)
  A worker ant (D:4)
  Terence (D:3)
  A big kobold zombie (Ossuary)
  2 mummies (Ossuary)
  5 scorpion zombies (Ossuary)
  7 adders
  12 oozes
  A worm (D:2)
  A dart slug (D:3)
  5 leopard geckos (D:2)
  11 orcs (D:3)
  A giant cockroach (D:2)
  A gnoll zombie (Ossuary)
  9 goblins
  9 hobgoblins
  6 jackals
  A quokka (D:2)
  9 bats
  2 frilled lizards
  3 goblin zombies (Ossuary)
  A hobgoblin zombie (Ossuary)
  14 kobolds
  2 kobold zombies (Ossuary)
  8 rats
126 creatures vanquished.

Vanquished Creatures (others)
  5 fungi (D:4)
  3 toadstools (D:4)
8 creatures vanquished.

Grand Total: 134 creatures vanquished

Notes
Turn   | Place    | Note
-------+----------+-------------------------------------------
     0 | D:1      | Peloso the Minotaur Fighter began the quest for the Orb.
     0 | D:1      | Reached XP level 1. HP: 19/19 MP: 0/0
   158 | D:1      | Reached XP level 2. HP: 11/27 MP: 1/1
   467 | D:1      | Reached skill level 3 in Long Blades
  1062 | D:2      | Reached XP level 3. HP: 31/33 MP: 2/2
  1640 | D:2      | Reached XP level 4. HP: 40/40 MP: 3/3
  1850 | D:3      | Reached skill level 4 in Long Blades
  1907 | D:3      | Reached XP level 5. HP: 38/46 MP: 4/4
  2018 | D:3      | Noticed Terence
  2029 | D:3      | Killed Terence
  2029 | D:3      | Reached skill level 1 in Dodging
  2115 | D:3      | Noticed a centaur
  2124 | D:3      | Killed a centaur
  2124 | D:3      | Reached skill level 5 in Long Blades
  2124 | D:3      | Reached skill level 5 in Shields
  2124 | D:3      | Reached XP level 6. HP: 46/53 MP: 5/5
  2126 | D:3      | Reached skill level 5 in Armour
  2596 | D:4      | Noticed Duvessa
  2596 | D:4      | Noticed Dowan
  2606 | D:4      | Killed Duvessa
  2608 | D:4      | Killed Dowan
  2608 | D:4      | Reached skill level 6 in Long Blades
  2608 | D:4      | Reached XP level 7. HP: 53/60 MP: 6/6
  2774 | D:4      | Found Zin's Purification Station.
  2779 | D:4      | Found a glowing silver altar of Zin.
  2789 | D:4      | Found a sand-covered staircase.
  2796 | Ossuary  | Entered an ossuary
  2814 | Ossuary  | Reached skill level 5 in Fighting
  3164 | Ossuary  | Reached skill level 7 in Long Blades
  3175 | Ossuary  | HP: 3/61 [scorpion (3)]
  3177 | Ossuary  | HP: 1/61 [scorpion (1)]
  3179 | Ossuary  | Succumbed to a scorpion's poison

Levels and vault maps discovered:
D:1:      psy_arrival_radial01, layout_basic
D:2:      layout_loops_cross, kennysheep_generic_room_5
D:3:      layout_basic, first_ration, minmay_randomly_rotated_circles,
          uniq_terence
D:4:      cheibrodos_fertilizer, layout_cave_pools, zin_purify,
          serial_column_ruins, column_ruins_corridor_corner,
          column_ruins_open_medium, column_ruins_columns_straight,
          column_ruins_grid_1, column_ruins_open_small, enter_ossuary_1,
          uniq_duvessa, uniq_menkaure, uniq_pikel
Ossuary:  ossuary_minmay_scorpions

Skill      XL: |  1  2  3  4  5  6  7 |
---------------+----------------------+-----
Shields        | 4 5 6 |  6.4
Armour         | 4 5 |  5.5
Long Blades    | 3 4 5 6 7 |  7.2
Fighting       | 4 5 |  5.7
Dodging        | 1 2 |  2.2
Stealth        | |  0.1

Action                   |  1- 3 |  4- 6 |  7- 9 || total
-------------------------+-------+-------+-------++-------
Melee: Long sword        |   108 |   131 |   126 ||   365
       Headbutt          |    11 |    33 |    37 ||    81
  Use: Scroll            |     5 |     3 |       ||     8
       Potion            |     4 |     1 |     3 ||     8
  Eat: Chunk             |     1 |     5 |       ||     6
Armor: Scale mail        |    55 |    17 |       ||    72
       Chain mail        |       |    63 |    58 ||   121
Dodge: Dodged            |    39 |    49 |    45 ||   133
Block: Shield            |    62 |    82 |    85 ||   229
       Rpst.: Long sword |     9 |    13 |    13 ||    35

Table legend:
 A = Non-vault XP
 B = Vault XP
 C = Vault XP percentage of total XP
 D = Non-vault monster count
 E = Vault monster count
 F = Vault count percentage of total count
                 A         B        C        D         E       F
            +---------+---------+-------+---------+---------+-------
      Total |     541 |     850 |  61.1 |      76 |      50 |  39.7
            +---------+---------+-------+---------+---------+-------
        D:1 |      31 |       0 |   0.0 |      18 |       0 |   0.0
        D:2 |      63 |      17 |  21.2 |      19 |       3 |  13.6
        D:3 |     411 |      54 |  11.6 |      38 |       7 |  15.6
        D:4 |      36 |     388 |  91.5 |       1 |      21 |  95.5
    Ossuary |       0 |     391 | 100.0 |       0 |      19 | 100.0
            +---------+---------+-------+---------+---------+-------
